 Dungeon Crawl Stone Soup version 0.21-a0-509-gecc5317 (webtiles) character file.

32 Gerstahl the Chiller (level 3, -2/28 HPs)
             Began as a Naga Ice Elementalist on Nov 30, 2017.
             Slain by a worm (11 damage)
             ... on level 2 of the Dungeon.
             The game lasted 00:03:38 (986 turns).

Gerstahl the Chiller (Naga Ice Elementalist)         Turns: 986, Time: 00:03:38

Health: -2/28      AC:  2    Str: 10    XL:     3   Next: 25%
Magic:  3/7        EV: 10    Int: 16    God:
Gold:   26         SH:  0    Dex: 11    Spells: 6/7 levels left

rFire    . . .     SeeInvis +   (no weapon)
rCold    . . .     Gourm    .   (no shield)
rNeg     . . .     Faith    .   a - +0 robe
rPois    +         Spirit   .   (no helmet)
rElec    .         Reflect  .   (no cloak)
rCorr    .         Harm     .   (no gloves)
MR       .....                  (no barding)
Stlth    ++........             (no amulet)
HPRegen  0.09/turn              (no ring)
MPRegen  0.10/turn              (no ring)

@: short of breath, very slow
A: large, see invisible, deformed body, poison resistance, slowness 2, slow
metabolism 1, spit poison 1, AC +1
a: Spit Poison


You were on level 2 of the Dungeon.
You were hungry.

You visited 1 branch of the dungeon, and saw 2 of its levels.

You collected 26 gold pieces.

Inventory:

Armour
 a - a +0 robe (worn)
Jewellery
 k - a cursed amulet of inaccuracy {unknown}
 l - an uncursed ring of fire {unknown}
Scrolls
 i - 2 scrolls of identify {unknown}
 j - a scroll of blinking {unknown}
 m - 2 scrolls of enchant weapon {unknown}
Potions
 d - a potion of curing {unknown}
 e - a potion of agility {unknown}
 f - a potion of brilliance {unknown}
 h - a potion of might {unknown}
Books
 b - a book of Frost

   Spells                             Type                      Level
   a - Freeze                         Ice                          1
   b - Throw Frost                    Conjuration/Ice              2
   c - Ozocubu's Armour               Charms/Ice                   3
   d - Throw Icicle                   Conjuration/Ice              4
   e - Summon Ice Beast               Ice/Summoning                4
Comestibles
 c - 4 bread rations
 g - a royal jelly
 o - 2 fruits


   Skills:
 - Level 1.5 Dodging
 - Level 3.0 Stealth
 + Level 2.7 Spellcasting
   Level 1.0 Conjurations
 + Level 3.7 Ice Magic


You had 6 spell levels left.
You knew the following spells:

 Your Spells              Type           Power        Failure   Level  Hunger
a - Freeze                Ice            ##..         4%          1    #......


Dungeon Overview and Level Annotations

Branches:
Dungeon (2/15)

Altars:


Innate Abilities, Weirdness & Mutations

You cannot wear boots.
Your serpentine skin is tough. (AC +1)
You have supernaturally acute eyesight. (SInv)
Armour fits poorly on your strangely shaped body.
Your system is resistant to poisons. (rPois)
You cover ground very slowly.
You have a slow metabolism.
You can spit poison.


Message History

Press: ? - help, Shift-Dir - straight line, f/p - worm
Aim: a worm (lightly wounded)
You freeze the worm.
The worm is moderately wounded.
You have got your breath back.
Casting: Freeze
Confirm with . or Enter, or press ? or * to list all spells.
Aiming: Freeze
Press: ? - help, Shift-Dir - straight line, f/p - worm
Aim: a worm (moderately wounded)
You freeze the worm.
The worm is heavily wounded.
The worm bites you!
* * * LOW HITPOINT WARNING * * *
Press: ? - help, Shift-Dir - straight line, f/p - worm
Aim: a worm (heavily wounded)
The splash of poison hits the worm.
The worm is poisoned.
The worm is almost dead.
You feel slightly more hungry. The worm bites you!
You die...

### # ### ...
. ....
#.##.##.#..
#.##......
#.#...#.##.##
#.#.........>
#.#..@w...)..
#.##.#.###.#.
#.##.#.###.
#).........#
##...#.#####
#.###.# #.#
.# ..
#.###.##.#
#.........


You could see a worm.

Vanquished Creatures
  2 worms (D:2)
  A dart slug (D:2)
  A leopard gecko (D:2)
  3 bats
  A giant cockroach (D:1)
  A goblin (D:1)
  3 hobgoblins
  4 kobolds
  A quokka (D:2)
  2 frilled lizards
  4 rats
23 creatures vanquished.

Notes
Turn   | Place    | Note
-------+----------+-------------------------------------------
     0 | D:1      | Gerstahl the Naga Ice Elementalist began the quest for the Orb.
     0 | D:1      | Reached XP level 1. HP: 15/15 MP: 3/3
     6 | D:1      | Noticed a black bear
     6 | D:1      | Noticed a swamp worm
     6 | D:1      | Noticed a swamp drake
     6 | D:1      | Noticed a wolf
     6 | D:1      | Noticed a black mamba
   119 | D:1      | Reached XP level 2. HP: 22/22 MP: 5/5
   854 | D:2      | Reached XP level 3. HP: 28/28 MP: 4/6
   986 | D:2      | Slain by a worm

Vault maps used:
D:1:      onia_arrival_zoo_common
D:2:      feat_on_display

Action                   || total
-------------------------++-------
Melee: Unarmed           ||    13
 Cast: Freeze            ||    22
 Abil: Spit Poison       ||    12
 Stab: Sleeping          ||     1
Armor: Robe              ||    11
Dodge: Dodged            ||    21

Table legend:
 A = Spawn XP
 B = Non-spawn XP
 C = Spawn XP percentage of total XP
 D = Spawn monster count
 E = Non-spawn monster count
 F = Spawn count percentage of total count
 G = Total turns spent on level
                    A         B        C        D         E        F      G
               +---------+---------+-------+---------+---------+-------+---------
         Total |       0 |      46 |   0.0 |       0 |      23 |   0.0 |   986
               +---------+---------+-------+---------+---------+-------+---------
           D:1 |       0 |      17 |   0.0 |       0 |      10 |   0.0 |   578
           D:2 |       0 |      29 |   0.0 |       0 |      13 |   0.0 |   408
               +---------+---------+-------+---------+---------+-------+---------
